 Dungeon Crawl Stone Soup version 0.22-a0-252-gcace5d2 (webtiles) character file.

200 mhoghedin the Magician (level 5, -3/28 HPs)
             Began as a Deep Elf Fire Elementalist on Mar 2, 2018.
             Killed by divine providence
             ... invoked by an orc priest
              (10 damage)
             ... on level 3 of the Dungeon.
             The game lasted 00:06:47 (3358 turns).

mhoghedin the Magician (Deep Elf Fire Elementalist) Turns: 3358, Time: 00:06:48

Health: -3/28      AC:  7    Str:  5    XL:     5   Next: 49%
Magic:  0/14       EV: 13    Int: 21    God:
Gold:   149        SH:  0    Dex: 15    Spells: 0/13 levels left

rFire    . . .     SeeInvis .   o - +3 quarterstaff (chaos)
rCold    . . .     Gourm    .   (shield currently unavailable)
rNeg     . . .     Faith    .   i - +0 robe
rPois    +         Spirit   .   m - +0 helmet
rElec    .         Reflect  .   n - +1 cloak {rPois}
rCorr    .         Harm     .   (no gloves)
MR       .....                  h - +1 pair of boots
Stlth    ++........             (no amulet)
HPRegen  0.09/turn              (no ring)
MPRegen  0.14/turn              (no ring)

@: no status effects
A: no striking features
a: no special abilities


You were on level 3 of the Dungeon.
You were not hungry.

You visited 1 branch of the dungeon, and saw 3 of its levels.

You collected 149 gold pieces.

Inventory:

Hand Weapons
 a - a +0 dagger of venom
   (You took it off a kobold on level 2 of the Dungeon)
 b - a +4 dagger of protection
   (You took it off a goblin on level 2 of the Dungeon)
 o - a +3 quarterstaff of chaos (weapon)
   (You took it off Crazy Yiuf on level 2 of the Dungeon)
Armour
 h - a +1 pair of boots (worn)
   (You found it on level 2 of the Dungeon)
 i - a +0 robe (worn)
 m - a +0 helmet (worn)
   (You found it on level 2 of the Dungeon)
 n - a +1 cloak of poison resistance (worn)
   (You took it off Crazy Yiuf on level 2 of the Dungeon)
Scrolls
 d - 2 scrolls of remove curse
 g - 2 scrolls of blinking {!r}
 p - 2 scrolls of teleportation {unknown}
 q - a scroll of fog {unknown}
Potions
 e - a potion of curing {unknown}
 f - a potion of degeneration {unknown}
 j - a potion of resistance {unknown}
 k - a potion of mutation {unknown}
 r - a potion of heal wounds {unknown}
Comestibles
 c - 6 rations


   Skills:
 - Level 1.0 Staves
 - Level 2.4 Dodging
 - Level 2.4 Stealth
 + Level 4.9 Spellcasting
 + Level 3.3 Conjurations
 + Level 4.7 Fire Magic


You couldn't memorise any spells.
You knew the following spells:

 Your Spells              Type           Power        Failure   Level  Hunger
a - Flame Tongue          Conj/Fire      ###..        1%          1    None
b - Inner Flame           Hex/Fire       ###.....     12%         3    ##.....
c - Conjure Flame         Conj/Fire      ###.....     6%          3    ##.....
s - Sticky Flame          Conj/Fire      ###.....     21%         4    ####...
x - Throw Flame           Conj/Fire      ###...       3%          2    None


Dungeon Overview and Level Annotations

Branches:
Dungeon (3/15)

Altars:
Ashenzari


Message History

You now have 12/14 mp.
Aim: an orc, wielding a club (heavily wounded)
The puff of flame hits the orc.
You kill the orc!
You now have 10/14 mp.
g - 2 scrolls of blinking {!r} (gained 1)
Found an escape hatch in the ceiling.
A worm comes into view.
A worm is nearby!
Aim: a worm (resting)
The puff of flame hits the worm.
You now have 10/14 mp.
Aim: a worm (moderately wounded)
The puff of flame hits the worm.
You now have 8/14 mp.
Aim: a worm (severely wounded)
The puff of flame hits the worm.
You kill the worm!
You now have 6/14 mp.
You can't see any susceptible monsters within range! (Use Z to cast anyway.) Unknown command.
You start resting.
MP restored: 14 The rat is too close now for your liking.
There is an escape hatch in the ceiling here.
A rat is nearby!
Aim: a rat (hasn't noticed you)
You miscast Throw Flame.
You are very lightly contaminated with residual magic.
Wisps of smoke drift from your hands.
You now have 12/14 mp.
Aim: a rat The puff of flame hits the rat.
You kill the rat!
You now have 10/14 mp.
You see here a rat corpse.
Your magical contamination has completely faded away.
You now have 140 gold pieces (gained 15).
You regained 3 mp, and now have 13/14 mp.
You now have 149 gold pieces (gained 9).
A giant cockroach comes into view.
MP restored: 14
Aim: a giant cockroach (clinging, resting)
The puff of flame hits the giant cockroach.
You kill the giant cockroach!
You now have 12/14 mp.
You can't see any susceptible monsters within range! (Use Z to cast anyway.) Unknown command.
You see here a giant cockroach corpse.
You open the door.
There is an open door here.
An orc and an orc priest come into view.
MP restored: 14
There are monsters nearby!
There are monsters nearby!
Aim: an orc, wearing a chain mail (resting)
The puff of flame hits the orc.
You kill the orc!
The orc priest shouts!
The orc priest moves out of view.
An orc priest comes into view. It is wielding a hand axe.
You now have 12/14 mp.
Aim: an orc priest, wielding a hand axe (hasn't noticed you)
The puff of flame hits the orc priest.
The orc priest shouts!
An orc comes into view. It is wielding a whip.
You now have 10/14 mp.
Aim: an orc priest, wielding a whip The puff of flame misses the orc priest.
The orc priest mumbles some strange prayers to Beogh against you.
Beogh smites you!
You take 9 damage, and have 19/28 hp.
MASSIVE DAMAGE!!
You now have 8/14 mp.
Okay, then.
Unknown command.
Aim: an orc priest, wielding a whip (chance to defeat MR: 70%)
The orc priest is filled with an inner flame.
You now have 5/14 mp.
An orc comes into view. It is wielding a mace of draining.
The orc shouts!
You hear an angry hiss.
Aim: an orc priest, wielding a whip (inner flame)
The puff of flame hits the orc priest.
You now have 3/14 mp.
Aim: an orc priest, wielding a whip (moderately wounded, inner flame)
The puff of flame hits the orc priest.
You now have 2/14 mp.
Aim: an orc priest, wielding a whip (heavily wounded, inner flame)
The puff of flame hits the orc priest.
The orc priest calls upon Beogh to heal the orc priest.
The orc priest's wounds heal themselves!
The orc priest calls down the wrath of Beogh upon you.
Beogh smites you!
* * * LOW HITPOINT WARNING * * *
You take 13 damage, and have 7/28 hp.
MASSIVE DAMAGE!!
You now have 0/14 mp.
The orc priest invokes the aid of Beogh against you.
Beogh smites you!
You die...

#..............#
########.o............#
#......#...............
#......#oo.............
#......#o..............
#......................
###...........#.......#
#...........#.......#
#...@.....(.#.......#
##...........#.<.....#
#.............†#......
#..............#......
#####..............#......
#.......#..........#......
#.##....#..........#......
#.##....#.#'####...#......
#.##....#.#.# #...#......


You could see 2 orc priests and 2 orcs.

Vanquished Creatures
  Crazy Yiuf (D:2)
  6 gnolls
  5 adders
  A worm (D:3)
  2 dart slugs (D:2)
  2 leopard geckos
  5 orcs (D:3)
  4 giant cockroaches
  7 goblins
  10 hobgoblins
  5 kobolds
  2 quokkas
  A bat (D:3)
  3 frilled lizards
  6 rats
60 creatures vanquished.

Notes
Turn   | Place    | Note
-------+----------+-------------------------------------------
     0 | D:1      | mhoghedin the Deep Elf Fire Elementalist began the quest for the Orb.
     0 | D:1      | Reached XP level 1. HP: 10/10 MP: 6/6
    75 | D:1      | HP: 2/10 [hobgoblin (1)]
   386 | D:1      | Found a shattered altar of Ashenzari.
   707 | D:1      | Reached XP level 2. HP: 15/15 MP: 5/8
   917 | D:2      | Reached skill level 2 in Conjurations
   983 | D:2      | Learned a level 2 spell: Throw Flame
  1136 | D:2      | Reached XP level 3. HP: 16/19 MP: 2/10
  1216 | D:2      | Reached skill level 4 in Spellcasting
  1216 | D:2      | Reached skill level 4 in Fire Magic
  1675 | D:2      | Reached XP level 4. HP: 17/24 MP: 9/12
  1855 | D:2      | Learned a level 3 spell: Conjure Flame
  1859 | D:2      | Learned a level 3 spell: Inner Flame
  2134 | D:2      | Found a runed door.
  2143 | D:2      | Noticed Crazy Yiuf
  2147 | D:2      | Killed Crazy Yiuf
  2147 | D:2      | Reached skill level 3 in Conjurations
  2417 | D:3      | Reached XP level 5. HP: 28/28 MP: 7/13
  2451 | D:3      | HP: 1/28 [gnoll/halberd (10)]
  2751 | D:2      | Learned a level 4 spell: Sticky Flame
  3004 | D:3      | Reached skill level 1 in Staves
  3356 | D:3      | HP: 7/28 [orc priest/divine providence (13)]
  3358 | D:3      | Killed from afar by an orc priest

Vault maps used:
D:1:      lightli_arrival_statuegarden, st_stairs_12,
          nicolae_ashenzari_panopticon
D:2:      uniq_crazy_yiuf_cottage
D:3:      first_ration

Skill      XL: |  1  2  3  4  5 |
---------------+----------------+-----
Conjurations   | 2 3 |  3.3
Spellcasting   | 4 |  4.9
Fire Magic     | 4 |  4.7
Staves         | 1 |  1.0
Dodging        | |  2.4
Stealth        | |  2.4

Action                   |  1- 3 |  4- 6 || total
-------------------------+-------+-------++-------
Melee: Club              |     3 |       ||     3
       Dagger            |     9 |       ||     9
       Quarterstaff      |       |     1 ||     1
 Cast: Flame Tongue      |    35 |    20 ||    55
       Throw Flame       |     9 |    43 ||    52
       Inner Flame       |       |     4 ||     4
  Use: Scroll            |     3 |     2 ||     5
 Stab: Sleeping          |     1 |     1 ||     2
  Eat: Chunk             |     2 |     2 ||     4
       Ration            |       |     1 ||     1
Armor: Robe              |     5 |     7 ||    12
Dodge: Dodged            |    20 |    11 ||    31

Table legend:
 A = Spawn XP
 B = Non-spawn XP
 C = Spawn XP percentage of total XP
 D = Spawn monster count
 E = Non-spawn monster count
 F = Spawn count percentage of total count
 G = Total turns spent on level
                    A         B        C        D         E        F      G
               +---------+---------+-------+---------+---------+-------+---------
         Total |       0 |     287 |   0.0 |       0 |      60 |   0.0 |  3358
               +---------+---------+-------+---------+---------+-------+---------
           D:1 |       0 |      15 |   0.0 |       0 |       8 |   0.0 |   884
           D:2 |       0 |     148 |   0.0 |       0 |      27 |   0.0 |  1714
           D:3 |       0 |     124 |   0.0 |       0 |      25 |   0.0 |   760
               +---------+---------+-------+---------+---------+-------+---------

Vault maps used:
D:1:      lightli_arrival_statuegarden, st_stairs_12,
          nicolae_ashenzari_panopticon
D:2:      uniq_crazy_yiuf_cottage
D:3:      first_ration

Table legend:
 A = Turns spent in this place as a percentage of turns spent in the entire game.
 B = Non-inter-level travel turns spent in this place as a percentage of non-inter-level travel turns spent in the entire game.
 C = Inter-level travel turns spent in this place as a percentage of turns spent in this place.
 D = Turns resting spent in this place as a percentage of non-inter-level travel turns spent in this place.
 E = Turns spent auto-exploring this place as a percentage of non-inter-level travel turns spent in this place.
 F = Non-inter-level travel turns spent in this place divided by the number of levels of this place that you've seen.
                   A       B       C       D       E      F
               +-------+-------+-------+-------+-------+----------------------
         Total | 100.0 | 100.0 |   3.8 |  45.9 |  41.9 | 1076.7
       Dungeon | 100.0 | 100.0 |   3.8 |  45.9 |  41.9 | 1076.7
               +-------+-------+-------+-------+-------+----------------------

Table legend:
 A = Kills in this place as a percentage of kills in entire the game.
 B = Kills by you in this place as a percentage of kills by you in the entire game.
 C = Kills by friends in this place as a percentage of kills by friends in the entire game.
 D = Other kills in this place as a percentage of other kills in the entire game.
 E = Experience gained in this place as a percentage of experience gained in the entire game.
 F = Experience gained in this place divided by the number of levels of this place that you have seen.
                   A       B       C       D       E      F
               +-------+-------+-------+-------+-------+----------------------
         Total | 100.0 | 100.0 |   N/A |   N/A | 100.0 |  95.7
       Dungeon | 100.0 | 100.0 |   N/A |   N/A | 100.0 |  95.7
               +-------+-------+-------+-------+-------+----------------------
